 Dungeon Crawl Stone Soup version 0.23.2-33-g5129a83184 (webtiles) character file.

Game seed: 2662574971870637779

6283 Wormgod the Cleaver (level 10, -4/88 HPs)
             Began as a Minotaur Berserker on June 29, 2019.
             Was a High Priest of Trog.
             Slain by an orc warrior
             ... wielding a +0 dire flail
              (7 damage)
             ... on level 9 of the Dungeon.
             The game lasted 00:30:24 (9516 turns).

Wormgod the Cleaver (Minotaur Berserker)            Turns: 9516, Time: 00:30:25

Health: -4/88      AC: 11    Str: 25    XL:     10   Next: 63%
Magic:  0/9        EV: 10    Int:  4    God:    Trog [*****.]
Gold:   376        SH:  5    Dex: 10    Spells: 9/9 levels left

rFire    . . .     SeeInvis .   a - +0 hand axe
rCold    . . .     Gourm    .   A - +0 buckler
rNeg     . . .     Faith    .   r - +0 chain mail
rPois    .         Spirit   +   (helmet restricted)
rElec    .         Reflect  .   l - scarf {Spirit}
rCorr    .         Harm     .   (no gloves)
MR       ++...                  (no boots)
Stlth    ..........             (no amulet)
HPRegen  1.24/turn              (no ring)
MPRegen  0.11/turn              (no ring)

@: berserk cooldown, regenerating, slowed, very slow
A: retaliatory headbutt, horns 2
a: Berserk, Trog's Hand, Brothers in Arms, Renounce Religion


You were on level 9 of the Dungeon.
You worshipped Trog.
Trog was extremely pleased with you.
You were not hungry.

You visited 1 branch of the dungeon, and saw 9 of its levels.
You also visited: Sewer.

You collected 530 gold pieces.
You spent 154 gold pieces at shops.

Inventory:

Hand Weapons
 a - a +0 hand axe (weapon)
 m - a +2 quarterstaff of chaos
Missiles
 t - 9 tomahawks (quivered)
Armour
 b - a +0 animal skin
 e - a +0 ring mail
 l - a scarf of spirit shield (worn)
 n - a +0 cloak
 r - a +0 chain mail (worn)
 A - a +0 buckler (worn)
Jewellery
 D - an uncursed ring of magical power {unknown}
 F - a +4 ring of dexterity {unknown}
 H - an uncursed ring of protection from fire {unknown}
 N - an uncursed amulet of the acrobat {unknown}
Wands
 y - a wand of polymorph (3)
 z - a wand of paralysis (4)
 C - a wand of flame (23)
 M - a wand of random effects (41)
Scrolls
 g - 4 scrolls of amnesia {unknown}
 h - 7 scrolls of teleportation {unknown}
 j - 4 scrolls of magic mapping {unknown}
 k - 3 scrolls of immolation {unknown}
 o - a scroll of blinking {unknown}
 p - 10 scrolls of identify {unknown}
 q - 6 scrolls of remove curse {unknown}
 s - 2 scrolls of enchant armour {unknown}
 w - a scroll of fear {unknown}
 B - a scroll of noise {unknown}
 G - 2 scrolls of summoning {unknown}
 O - a scroll of random uselessness {unknown}
 Q - a scroll of torment {unknown}
Potions
 d - 6 potions of agility {unknown}
 f - 3 potions of degeneration {unknown}
 i - 9 potions of curing
 u - 3 potions of brilliance {unknown}
 v - 2 potions of heal wounds {unknown}
 x - a potion of might {unknown}
 E - a potion of magic {unknown}
 I - a potion of berserk rage {unknown}
 J - 2 potions of resistance {unknown}
 K - a potion of haste {unknown}
 L - a potion of flight {unknown}
 P - 3 potions of lignification {unknown}
Comestibles
 c - 17 rations
 R - 2 chunks of flesh


   Skills:
 + Level 7.7 Fighting
 * Level 13.6 Axes
 + Level 9.4 Armour
 + Level 4.1 Dodging
 * Level 6.1 Shields


You had 9 spell levels left.
You didn't know any spells.
Your spell library contained the following spells:

 Spells                   Type           Power        Failure   Level  Hunger
 Animate Skeleton         Necr           N/A          96%         1    ##.....
 Apportation              Tloc           #.....       96%         1    ##.....
 Confusing Touch          Hex            #.....       96%         1    ##.....
 Magic Dart               Conj           #...         96%         1    ##.....
 Summon Small Mammal      Summ           #...         96%         1    ##.....
 Blink                    Tloc           N/A          99%         2    ###....
 Call Imp                 Summ           #.......     99%         2    ###....
 Slow                     Hex            #.......     99%         2    ###....
 Conjure Flame            Conj/Fire      #.......     100%        3    ####...
 Mephitic Cloud           Conj/Pois/Air  #.......     100%        3    ####...


Dungeon Overview and Level Annotations

Branches:
Dungeon (9/15)             Temple (0/1) D:4
   Lair: D:8-11         Orc: D:9-12

Altars:
Dithmenos
Elyvilon
Hepliaklqana
Makhleb
Qazlal
Vehumet
Xom
Yredelemnul
Zin

Shops:
D:4 }   D:5 *


Innate Abilities, Weirdness & Mutations

You reflexively headbutt those who attack you in melee.
You have a pair of horns on your head.


Message History

The warg is almost dead.
You block the warg's attack. The warg closely misses you.
You furiously retaliate!
You headbutt the warg, but do no damage.
You miss the warg.
The warg is almost dead.
The warg bites you!
* * * LOW HITPOINT WARNING * * *
You hit the warg.
You kill the warg!
Trog accepts your kill. You block the orc warrior's attack.
You hit the orc warrior. Your headbutt misses the orc warrior.
The orc warrior is lightly wounded.
The orc warrior hits you with a +0 dire flail!
* * * LOW HITPOINT WARNING * * *
You hit the orc warrior but do no damage.
The orc warrior is lightly wounded.
The orc warrior hits you with a +0 dire flail!
You die...

#.)........
######..........
#...............
#......††.....).
######..######.. #..#
#..# ..# #
######.o######..########
#......@............ ...
#................... ..
#######..########..# #
#..# #..# # #..# #..# #
#..# #..##### #..#
#.....))
#####..########.....))
..................#####


You could see an orc warrior.

Vanquished Creatures
  2 two-headed ogres
  Pikel (D:6)
  The ghost of Jaiteiro the Shield-Bearer, an amateur MiFi (D:4)
  A hippogriff (D:7)
  A spriggan (D:7)
  A wyvern (D:8)
  2 wargs (D:9)
  Menkaure (D:6)
  2 water moccasins (D:5)
  4 phantoms
  2 ice beasts (D:9)
  4 orc warriors
  A black bear (D:8)
  A necrophage (D:7)
  A sky beast (D:5)
  2 ogres (D:7)
  A big kobold (Sewer)
  5 bullfrogs
  A gnoll sergeant (D:8)
  3 scorpions
  3 wights (D:9)
  3 howler monkeys
  A crimson imp (D:6)
  2 bullfrog zombies
  A centaur zombie (D:6)
  2 orc priests
  4 hounds
  A bullfrog skeleton (D:9)
  Crazy Yiuf (D:2)
  Natasha (thrice) (D:3)
  7 orc wizards
  5 worker ants
  A killer bee zombie (D:8)
  A hound zombie (D:6)
  7 gnolls
  12 adders
  3 river rats (Sewer)
  3 shadow imps
  2 oozes (Sewer)
  An adder zombie (D:5)
  4 worms
  A dart slug (D:2)
  4 leopard geckos
  21 orcs
  11 bats
  8 giant cockroaches
  6 goblins
  6 hobgoblins
  7 jackals
  20 kobolds
  3 quokkas
  5 ball pythons
  8 frilled lizards
  A quokka zombie (D:6)
  24 rats
229 creatures vanquished.

Notes
Turn   | Place    | Note
-------+----------+-------------------------------------------
     0 | D:1      | Wormgod the Minotaur Berserker began the quest for the Orb.
     0 | D:1      | Reached XP level 1. HP: 19/19 MP: 0/0
   185 | D:1      | Reached XP level 2. HP: 27/27 MP: 1/1
   220 | D:1      | Reached skill level 4 in Axes
   467 | D:1      | Reached ** piety under Trog
   798 | D:1      | Reached XP level 3. HP: 33/33 MP: 2/2
  1204 | D:2      | Found a faded altar of an unknown god.
  1402 | D:2      | Found a glowing silver altar of Zin.
  1402 | D:2      | Found a shimmering altar of Xom.
  1403 | D:2      | Noticed an angel
  1739 | D:2      | Reached XP level 4. HP: 34/41 MP: 1/3
  1899 | D:2      | Reached skill level 5 in Axes
  1957 | D:2      | Found a runed translucent door.
  1958 | D:2      | Noticed Crazy Yiuf
  2106 | D:2      | Killed Crazy Yiuf
  2494 | D:3      | Reached XP level 5. HP: 38/47 MP: 4/4
  2859 | D:3      | Noticed Natasha
  2872 | D:3      | Killed Natasha
  2872 | D:3      | Reached *** piety under Trog
  2872 | D:3      | Reached skill level 6 in Axes
  3018 | D:3      | Noticed Natasha
  3027 | D:3      | Killed Natasha
  3063 | D:3      | Noticed Natasha
  3070 | D:3      | Killed Natasha
  3110 | D:4      | Reached XP level 6. HP: 55/55 MP: 5/5
  3428 | D:4      | Found a glowing drain.
  3458 | Sewer    | Entered a sewer
  3606 | Sewer    | Reached skill level 7 in Axes
  3714 | Sewer    | Reached **** piety under Trog
  4042 | D:4      | Reached XP level 7. HP: 50/60 MP: 3/6
  4233 | D:4      | Reached skill level 5 in Fighting
  4248 | D:4      | Found Zucepten's Gadget Boutique.
  4255 | D:4      | Bought a wand of polymorph (3) for 70 gold pieces
  4255 | D:4      | Bought a wand of paralysis (4) for 84 gold pieces
  4273 | D:4      | Found a runed translucent door.
  4291 | D:4      | Reached skill level 8 in Axes
  4474 | D:4      | Found a staircase to the Ecumenical Temple.
  4502 | D:4      | Noticed Jaiteiro's ghost (amateur MiFi)
  4677 | D:4      | Killed Jaiteiro's ghost
  4677 | D:4      | Reached skill level 5 in Armour
  4729 | D:5      | Entered Level 5 of the Dungeon
  4797 | D:5      | Reached skill level 9 in Axes
  4958 | D:5      | Reached XP level 8. HP: 55/68 MP: 4/7
  5188 | D:5      | Reached skill level 1 in Shields
  5394 | D:5      | Found Poqoot's Serpentskin Sales.
  5415 | D:5      | Reached skill level 10 in Axes
  6150 | D:6      | Noticed Menkaure
  6162 | D:6      | Killed Menkaure
  6359 | D:6      | Reached ***** piety under Trog
  6387 | D:6      | Found a white marble altar of Elyvilon.
  6394 | D:6      | Found a radiant altar of Vehumet.
  6397 | D:6      | Found a stormy altar of Qazlal.
  6562 | D:6      | Noticed Pikel
  6573 | D:6      | Killed Pikel
  6573 | D:6      | Reached skill level 11 in Axes
  6573 | D:6      | Reached XP level 9. HP: 50/75 MP: 3/8
  6856 | D:6      | Found a shadowy altar of Dithmenos.
  6856 | D:6      | Found a burning altar of Makhleb.
  7425 | D:7      | Reached skill level 12 in Axes
  8079 | D:8      | Noticed a two-headed ogre
  8084 | D:8      | Killed a two-headed ogre
  8084 | D:8      | Reached skill level 5 in Shields
  8084 | D:8      | Reached XP level 10. HP: 86/86 MP: 9/9
  8140 | D:8      | Found a basalt altar of Yredelemnul.
  8177 | D:8      | Found a hazy altar of Hepliaklqana.
  9073 | D:9      | Reached skill level 13 in Axes
  9177 | D:9      | Noticed a two-headed ogre
  9182 | D:9      | Killed a two-headed ogre
  9475 | D:9      | Paralysed by an orc for 4 turns
  9481 | D:9      | Received a gift from Trog
  9515 | D:9      | HP: 2/88 [orc warrior/+0 dire flail (13)]
  9516 | D:9      | Slain by an orc warrior

Skill      XL: |  1  2  3  4  5  6  7  8  9 10 |
---------------+-------------------------------+-----
Axes           | 4 5 6 7 9 11 12 13 | 13.6
Fighting       | 4 5 6 7 |  7.7
Armour         | 3 4 5 7 8 9 |  9.4
Dodging        | 3 4 |  4.1
Shields        | 3 5 6 |  6.1

Action                   |  1- 3 |  4- 6 |  7- 9 | 10-12 || total
-------------------------+-------+-------+-------+-------++-------
Melee: Hand axe          |    92 |   185 |   300 |   160 ||   737
       Headbutt          |     7 |    27 |    58 |    31 ||   123
Invok: Berserk           |       |       |     2 |     2 ||     4
       Trog's Hand       |       |       |       |     1 ||     1
  Use: Potion            |       |       |     1 |       ||     1
  Eat: Chunk             |     3 |     7 |    10 |     8 ||    28
       Ration            |       |       |     1 |       ||     1
Armor: Animal skin       |    10 |       |       |       ||    10
       Ring mail         |    25 |     8 |       |       ||    33
       Chain mail        |       |    68 |   111 |    70 ||   249
Dodge: Dodged            |    69 |   113 |    81 |    66 ||   329
Block: Buckler           |       |       |    41 |    26 ||    67
